 Dungeon Crawl Stone Soup version 0.30-a0-718-geaa24f58ff (webtiles) character file.

Game seed: 3314760708723566246

162548 Anon1729 the Stickfighter (level 16, -5/145 HPs)
             Began as a Minotaur Monk on Jan 25, 2023.
             Was the Champion of Okawaru.
             Slain by a +6 mace of protection (9 damage)
             ... on level 2 of the Elven Halls.
             The game lasted 01:09:49 (26687 turns).

Anon1729 the Stickfighter (Minotaur Monk)          Turns: 26687, Time: 01:09:49

Health: -5/145     AC: 22    Str: 30    XL:     16   Next: 96%
Magic:  25/25      EV: 13    Int: 10    God:    Okawaru [******]
Gold:   1409       SH:  0    Dex: 27    Spells: 15/15 levels left

rFire   + . .      SeeInvis +    f - +9 staff of Olgreb {rPois∞}
rCold   x x .      Faith    .    (no shield)
rNeg    + . .      Spirit   .    a - +8 plate armour "Gawumm" {*Corrode rF+ rC- Dex+6}
rPois   ∞          Reflect  .    C - +2 hat {SInv}
rElec   +          Harm     .    M - +0 cloak
rCorr   .          Rampage  .    s - +1 pair of gloves
Will    +....                    U - +0 pair of boots Stlth
                                 y - amulet "Maatool" {RegenMP Drain rElec Int+3 Stlth+}
HPRegen 0.44/turn                l - +6 ring of strength
MPRegen 0.59/turn                g - ring "Musch" {rC+ rN+ Str+2 Dex+6}

@: about to teleport, corroded
A: horns 2, retaliatory headbutt, deformed body, [screaming 2], [cold
vulnerability 2]
}: 1/15 runes: abyssal
a: Renounce Religion, Evoke the Staff of Olgreb, Heroism, Finesse, Duel


You were on level 2 of the Elven Halls.
You worshipped Okawaru.
Okawaru was exalted by your worship.
You visited 5 branches of the dungeon, and saw 24 of its levels.
You visited the Abyss 1 time.
You also visited: Sewer and Volcano.

You collected 2732 gold pieces.
You spent 1323 gold pieces at shops.

Inventory:

Hand Weapons
 f - the +9 staff of Olgreb (weapon) {rPois∞}
   (You found it on level 5 of the Dungeon)

   It enhances your poison magic.
   It grants immunity to poison.
   It can be activated via the 'a'bility menu to radiate toxic energy, with
   effectiveness depending on Evocations skill.
 o - the +7 lajatang of Order {silver, rMut}
   (Okawaru gifted it to you on level 5 of the Lair of Beasts)

   rMut:      It protects you from mutation.
 w - the +4 broad axe of Ydoet {flame, rPois Stlth+}
   (Okawaru gifted it to you on level 10 of the Dungeon)

   rPois:     It protects you from poison.
   Stlth:     It makes you more stealthy.
Missiles
 b - a throwing net
 J - an atropa-tipped dart
Armour
 a - the +8 plate armour "Gawumm" (worn) {*Corrode rF+ rC- Dex+6}
   (Okawaru gifted it to you on level 4 of the Lair of Beasts)

   Dex:       It affects your dexterity (+6).
   rF:        It protects you from fire.
   rC:        It makes you vulnerable to cold.
   *Corrode:  It may corrode you when you take damage.
 s - a +1 pair of gloves (worn)
 C - a +2 hat of see invisible (worn)
 M - a +0 cloak (worn)
 U - a +0 pair of boots (worn)
 W - a +1 buckler of positive energy
Jewellery
 g - the ring "Musch" (right hand) {rC+ rN+ Str+2 Dex+6}
   (You took it off a vampire on level 12 of the Dungeon)

   [ring of dexterity]

   Str:       It affects your strength (+2).
   Dex:       It affects your dexterity (+6).
   rC:        It protects you from cold.
   rN:        It protects you from negative energy.
 i - a ring of fire
 l - a +6 ring of strength (left hand)
 m - an amulet of the acrobat
 y - the amulet "Maatool" (around neck) {RegenMP Drain rElec Int+3 Stlth+}
   (You bought it in a shop on level 2 of the Orcish Mines)

   [amulet of magic regeneration]

   It increases your rate of magic regeneration.
   Int:       It affects your intelligence (+3).
   rElec:     It insulates you from electricity.
   Drain:     It drains your maximum health when unequipped.
   Stlth:     It makes you more stealthy.
Wands
 h - a wand of polymorph (6)
 D - a wand of light (7)
 H - a wand of roots (9)
 K - a wand of mindburst (25)
 L - a wand of flame (35)
 S - a wand of digging (7)
Scrolls
 j - a scroll of amnesia
 n - 8 scrolls of teleportation
 p - 5 scrolls of fog
 q - 4 scrolls of immolation
 t - 4 scrolls of vulnerability
 v - 3 scrolls of magic mapping
 A - a scroll of fear
 Q - 3 scrolls of poison
 V - 4 scrolls of enchant armour
Potions
 d - 7 potions of attraction
 e - 6 potions of brilliance
 x - 9 potions of lignification
 B - a potion of resistance
 F - 4 potions of might
 N - 4 potions of invisibility
 O - 3 potions of flight
 P - a potion of magic
 T - 4 potions of mutation
 X - 2 potions of haste
Miscellaneous
 I - a condenser vane (inert)


   Skills:
 + Level 13.6 Fighting
 - Level 9.2 Axes
 * Level 16.2 Staves
 + Level 12.6 Armour
 - Level 6.0 Dodging
 - Level 4.0 Stealth
 + Level 7.9 Shields
 * Level 13.8 Invocations
 * Level 11.7 Evocations


You had 15 spell levels left.
You didn't know any spells.
Your spell library contained the following spells:

 Spells                   Type           Power      Damage    Failure   Level
 Apportation              Tloc           0%         N/A       93%         1
 Magic Dart               Conj           0%         1d3       93%         1
 Necrotise                Necr           0%         1d4       93%         1
 Sandblast                Erth           0%         2d4       93%         1
 Shock                    Conj/Air       0%         1d3       93%         1
 Blink                    Tloc           0%         N/A       98%         2
 Lesser Beckoning         Tloc           0%         N/A       98%         2
 Momentum Strike          Conj/Tloc      0%         3d8       98%         2
 Passwall                 Tmut/Erth      0%         N/A       98%         2
 Searing Ray              Conj           0%         2d4       98%         2
 Sublimation of Blood     Necr           0%         N/A       98%         2
 Wereblood                Tmut           0%         N/A       98%         2
 Dazzling Flash           Conj/Hex       0%         N/A       100%        3
 Gell's Gravitas          Tloc           0%         N/A       100%        3
 Mephitic Cloud           Conj/Pois/Air  0%         N/A       100%        3
 Ozocubu's Armour         Ice            0%         N/A       100%        3
 Portal Projectile        Hex/Tloc       0%         N/A       100%        3
 Stone Arrow              Conj/Erth      0%         3d7       100%        3
 Swiftness                Air            0%         N/A       100%        3
 Teleport Other           Tloc           0%         N/A       100%        3
 Airstrike                Air            0%         2d(0-16)  100%        4
 Fulminant Prism          Conj/Hex       0%         3d5       100%        4
 Iskenderun's Mystic Bla  Conj/Tloc      0%         2d3       100%        4
 Leda's Liquefaction      Hex/Erth       0%         N/A       100%        4
 Blade Hands              Tmut           0%         N/A       100%        5
 Iskenderun's Battlesphe  Conj           0%         2d6       100%        5
 Lee's Rapid Deconstruct  Erth           0%         3d4*      100%        5
 Lightning Bolt           Conj/Air       0%         1d11      100%        5
 Metabolic Englaciation   Hex/Ice        0%         N/A       100%        5
 Dispersal                Tloc           0%         N/A       100%        6
 Iron Shot                Conj/Erth      0%         9d1       100%        6
 Starburst                Conj/Fire      0%         6d3       100%        6
 Statue Form              Tmut/Erth      0%         N/A       100%        6
 Summon Small Mammal      Summ           Unusable   N/A       N/A         1
 Call Imp                 Summ           Unusable   N/A       N/A         2
 Call Canine Familiar     Summ           Unusable   N/A       N/A         3
 Summon Guardian Golem    Hex/Summ       Unusable   N/A       N/A         3
 Tukima's Dance           Hex            Unusable   N/A       N/A         3
 Summon Lightning Spire   Summ/Air       Unusable   N/A       N/A         4
 Simulacrum               Ice/Necr       Unusable   N/A       N/A         6
 Spellforged Servitor     Conj/Summ      Unusable   N/A       N/A         7
 Summon Hydra             Summ           Unusable   N/A       N/A         7

Dungeon Overview and Level Annotations

Branches:
Dungeon (13/15)            Temple (1/1) D:5            Lair (5/5) D:8
  Swamp (0/4) Lair:2        Snake (0/4) Lair:2        Slime (0/5) Lair:5
    Orc (2/2) D:12            Elf (3/3) Orc:2         Sewer (visited)
Volcano (visited)
 Vaults: D:13-14

Altars:
Dithmenos
Elyvilon
Fedhas
Gozag
Hepliaklqana
Kikubaaqudgha
Makhleb
Nemelex Xobeh
Okawaru
Sif Muna
Trog
Uskayaw
Vehumet
Wu Jian
Xom
Yredelemnul
Zin
The Shining One
Jiyva

Shops:
D:11 (   Orc:2 =[=   Elf:3 !

Portals:
Trove: Elf:1 (give 8 scrolls of blinking)

Annotations:
D:3 1 runed translucent door, Crazy Yiuf
D:5 1 runed translucent door
Lair:5 1 runed translucent door
Elf:2 3 runed translucent doors


Innate Abilities, Weirdness & Mutations

You have a pair of horns on your head.
You reflexively headbutt those who attack you in melee.
Armour fits poorly on your strangely shaped body.
[You frequently scream uncontrollably at your foes.]
[You are very vulnerable to cold. (rC--)]


Message History

The deep elf blademaster struggles to escape constriction.
The deep elf blademaster escapes!
You hit the deep elf blademaster but do no damage.
You envenom the deep elf blademaster.
The deep elf blademaster looks as sick as possible!
Your headbutt misses the deep elf blademaster.
The deep elf blademaster is severely wounded.
The deep elf blademaster hits you but does no damage.
The deep elf blademaster hits you with a +0 rapier!
* * * LOW HITPOINT WARNING * * *
As you read the scroll of teleportation, it crumbles to dust.
You feel strangely unstable.
The deep elf blademaster hits you with a +0 rapier!
* * * LOW HITPOINT WARNING * * *
The deep elf blademaster barely misses you.
The deep elf blademaster completely misses you.
The deep elf blademaster hits you with a +0 rapier.
* * * LOW HITPOINT WARNING * * *
The deep elf blademaster attacks as you move away!
The deep elf blademaster hits you with a +0 rapier!
* * * LOW HITPOINT WARNING * * *
The deep elf blademaster closely misses you.
Your surroundings suddenly seem different.
A +2 hand axe of electrocution, a +6 mace of protection and a +6 heavy glaive come into view.
The +2 hand axe of electrocution hits you but does no damage.
Okay, then.
As you read the scroll of teleportation, it crumbles to dust.
You feel strangely unstable.
The +2 hand axe of electrocution hits you but does no damage.
The +2 hand axe of electrocution hits you!
* * * LOW HITPOINT WARNING * * *
Okay, then.
Okay, then.
Unknown command.
Unknown command.
Okay, then.
Okay, then.
Okay, then.
The +6 mace of protection hits you!
You die...

####
###...##
#@((...#
#.........
#.....#....
#..(.## ...
#...## .
#...# #....
#....


You could see 3 dancing weapons.

Vanquished Creatures
  An acid blob (Abyss:5)
  A deep elf master archer (Elf:2)
  Gastronok (D:12)
  A tentacled starspawn (Abyss:5)
  Kirke (Lair:4)
  The ghost of caveywoolpert the Thaumaturge, a journeyman DsEE of Vehumet (D:12)
  An orc warlord (Orc:1)
  2 deep elf elementalists (Elf:3)
  2 very ugly things (Abyss:4)
  2 deep elf demonologists (Elf:3)
  Nessos (Orc:2)
  2 deep elf annihilators (Elf:3)
  Snorg (D:12)
  A fire dragon (D:11)
  An ice dragon (Lair:5)
  4 deep elf high priests (Elf:3)
  A hydra (Lair:5)
  Erica (D:8)
  4 ogre magi (Orc:2)
  A death knight (D:12)
  A boulder beetle (D:11)
  A merfolk avatar (Lair:5)
  9 dancing weapons
  5 two-headed ogres
  3 thrashing horrors (Abyss:5)
  Urug (Orc:1)
  4 deep elf knights
  Nergalle (D:10)
  A sixfirhy (Abyss:5)
  2 wretched stars
  A sea snake (Lair:5)
  A lindwurm (Lair:4)
  A swamp dragon (Abyss:5)
  10 deep elf archers
  An orc knight (Orc:2)
  2 harpies (Lair:5)
  5 deep elf pyromancers
  14 deep elf zephyrmancers
  Pikel (D:4)
  An ugly thing (D:11)
  7 orc sorcerers
  7 cyclopes
  2 elephants
  A manticore (Lair:5)
  Maurice (D:8)
  2 molten gargoyles (Volcano)
  Joseph (D:7)
  An eye of devastation (shapeshifter) (D:12)
  A smoke demon (Abyss:5)
  2 gargoyles (D:12)
  6 cane toads
  A torpor snail (Lair:4)
  An orange demon (Arena)
  2 kobold demonologists (D:11)
  9 rime drakes
  A yaktaur (D:11)
  2 efreet (Volcano)
  5 komodo dragons
  A tengu conjurer (D:12)
  A guardian mummy (Elf:1)
  2 hornets
  An ancient zyme (Abyss:5)
  3 trolls
  2 polar bears
  A meliai (Abyss:4)
  A tyrant leech (Lair:2)
  3 wind drakes (Lair:5)
  Grinder (D:3)
  A harpy zombie (Abyss:4)
  6 slime creatures (D:12)
  23 blink frogs
  An air elemental (Elf:1)
  2 shadows
  A vampire (D:12)
  7 wyverns
  3 centaur simulacra (D:10)
  7 fire elementals
  5 hogs (Lair:4)
  69 yaks
  6 wraiths
  A basilisk (D:8)
  2 humans (Lair:4)
  A small abomination (Abyss:5)
  A large abomination (Abyss:5)
  2 steam dragons
  2 vampire mosquitoes
  4 wargs
  2 redbacks (D:5)
  Edmund (D:6)
  An acid dragon (D:6)
  2 nagas (Lair:2)
  3 swamp worms (Lair:2)
  13 water moccasins
  4 black bears
  29 orc warriors
  2 ice beasts
  A black bear (shapeshifter) (Elf:1)
  8 ogres
  3 wolves
  2 centaurs
  5 kobold brigands
  12 bullfrogs
  A necrophage (D:5)
  2 gnoll sergeants
  11 scorpions
  5 earth elementals
  9 wights
  33 killer bees
  A howler monkey (D:7)
  A lava snake (D:9)
  15 orc priests
  A jelly (D:5)
  A gnoll bouda (D:5)
  6 hounds
  An iron imp (Abyss:4)
  Natasha (D:3)
  4 iguanas
  42 orc wizards
  14 gnolls
  16 adders
  5 white imps
  A howler monkey simulacrum (D:10)
  3 worms
  2 dart slugs (D:1)
  73 orcs
  9 ball pythons
  6 bats
  5 endoplasms
  8 giant cockroaches
  6 goblins
  10 hobgoblins
  6 jackals
  27 kobolds
  4 quokkas
  3 training dummies (Elf:2)
  12 frilled lizards
  7 rats
  2 fire vortices (Volcano)
  2 starspawn tentacles (Abyss:5)
750 creatures vanquished.

Vanquished Creatures (others)
  A water elemental (Elf:3)
  An orc warrior (D:9)
  An earth elemental (Volcano)
  A small abomination (Abyss:5)
  A fire vortex (Volcano)
  19 fungi
  32 plants
  A starspawn tentacle (Abyss:5)
57 creatures vanquished.

Grand Total: 807 creatures vanquished

Notes
Turn   | Place    | Note
-------+----------+-------------------------------------------
     0 | D:1      | Anon1729 the Minotaur Monk began the quest for the Orb.
     0 | D:1      | Reached XP level 1. HP: 19/19 MP: 0/0
   127 | D:1      | Reached XP level 2. HP: 21/27 MP: 1/1
   234 | D:1      | Reached skill level 1 in Armour
   429 | D:1      | Reached XP level 3. HP: 33/33 MP: 2/2
  1156 | D:2      | Found a basalt altar of Yredelemnul.
  1411 | D:3      | Found a runed translucent door.
  1412 | D:3      | Noticed Crazy Yiuf
  1673 | D:3      | Reached XP level 4. HP: 41/41 MP: 3/3
  1747 | D:3      | Reached skill level 5 in Axes
  1882 | D:3      | Noticed Grinder
  1895 | D:3      | Paralysed by Grinder for 4 turns
  1903 | D:3      | Paralysed by Grinder for 2 turns
  1907 | D:3      | Killed Grinder
  1908 | D:3      | Reached skill level 5 in Fighting
  1908 | D:3      | Reached XP level 5. HP: 23/48 MP: 4/4
  1908 | D:3      | Reached XP level 6. HP: 27/56 MP: 5/5
  2037 | D:3      | Noticed Natasha
  2044 | D:3      | Killed Natasha
  2378 | D:3      | Found a blossoming altar of Fedhas.
  2923 | D:4      | Noticed Pikel
  3357 | D:4      | Killed Pikel
  3358 | D:4      | Reached XP level 7. HP: 31/64 MP: 6/6
  3625 | D:5      | Entered Level 5 of the Dungeon
  3625 | D:5      | Found a staircase to the Ecumenical Temple.
  3641 | Temple   | Entered the Ecumenical Temple
  3676 | Temple   | Became a worshipper of Warmaster Okawaru
  3676 | Temple   | Reached * piety under Okawaru
  3676 | Temple   | Reached ** piety under Okawaru
  3700 | D:4      | Reached skill level 5 in Armour
  3907 | D:5      | Reached skill level 1 in Invocations
  3907 | D:5      | Reached XP level 8. HP: 64/71 MP: 6/8
  4141 | D:5      | Found the +9 staff of Olgreb {rPois∞}
  4173 | D:5      | Found a runed translucent gate.
  4174 | D:5      | Found a runed translucent door.
  4380 | D:5      | Found a runed translucent gate.
  4380 | D:5      | Found a runed translucent gate.
  4381 | D:5      | Found a runed translucent door.
  4490 | D:5      | Reached skill level 1 in Staves
  4504 | D:5      | Reached *** piety under Okawaru
  4505 | D:5      | Reached skill level 2 in Staves
  4515 | D:5      | Reached skill level 3 in Staves
  4759 | D:5      | Reached XP level 9. HP: 79/79 MP: 11/11
  4798 | D:5      | Reached skill level 4 in Staves
  4871 | D:5      | Reached skill level 5 in Invocations
  5092 | D:5      | Reached skill level 5 in Staves
  5177 | D:6      | Noticed Edmund
  5206 | D:6      | Killed Edmund
  5274 | D:6      | Found a glowing drain.
  5304 | D:6      | Reached skill level 1 in Evocations
  5335 | Sewer    | Entered a sewer
  5698 | Sewer    | Identified the +1 ring mail "Setas" {rCorr Dex+2}
  5948 | D:6      | Reached **** piety under Okawaru
  5949 | D:6      | Reached skill level 6 in Staves
  5974 | D:6      | Reached XP level 10. HP: 33/88 MP: 9/13
  6376 | D:6      | Reached skill level 7 in Staves
  6627 | D:6      | Found a sparkling altar of Nemelex Xobeh.
  7137 | D:7      | Reached ***** piety under Okawaru
  7182 | D:7      | Found an ornate altar of the Wu Jian Council.
  7235 | D:7      | Found a hazy altar of Hepliaklqana.
  7739 | D:7      | Noticed Joseph
  7754 | D:7      | Killed Joseph
  8075 | D:7      | Reached skill level 8 in Staves
  8257 | D:8      | Noticed Maurice
  8274 | D:8      | Killed Maurice
  8676 | D:8      | Reached XP level 11. HP: 58/97 MP: 9/15
  8805 | D:8      | Found a staircase to the Lair.
  8814 | D:8      | Received a gift from Okawaru
  8821 | D:8      | Reached skill level 5 in Evocations
  9051 | D:8      | Noticed Erica
  9063 | D:8      | Killed Erica
  9378 | D:9      | Reached skill level 9 in Staves
  9912 | D:9      | Reached ****** piety under Okawaru
 10293 | D:10     | Entered Level 10 of the Dungeon
 10506 | D:10     | Identified the +4 broad axe of Ydoet {flame, rPois Stlth+}
                  | (Okawaru gifted it to you on level 10 of the Dungeon)
 10506 | D:10     | Received a gift from Okawaru
 10591 | D:10     | Noticed Nergalle
 10607 | D:10     | Killed Nergalle
 10756 | D:10     | Reached skill level 10 in Staves
 11129 | D:10     | Noticed a two-headed ogre
 11136 | D:10     | Killed a two-headed ogre
 11137 | D:10     | Reached skill level 10 in Fighting
 11483 | D:11     | Received a gift from Okawaru
 11484 | D:11     | Reached XP level 12. HP: 106/106 MP: 18/18
 11493 | D:11     | Found Ozyf's Antique Weapon Boutique.
 12058 | D:11     | Reached skill level 11 in Staves
 12114 | D:11     | Noticed a two-headed ogre
 12114 | D:11     | Noticed a boulder beetle
 12121 | D:11     | Killed a two-headed ogre
 12127 | D:11     | Killed a boulder beetle
 12128 | D:11     | Reached skill level 10 in Invocations
 12301 | D:11     | Noticed a fire dragon
 12311 | D:11     | Killed a fire dragon
 12312 | D:11     | Reached skill level 10 in Armour
 12565 | D:11     | Noticed a two-headed ogre
 12573 | D:11     | Killed a two-headed ogre
 12712 | D:11     | Found a shadowy altar of Dithmenos.
 12883 | D:11     | Noticed a two-headed ogre
 12889 | D:11     | Killed a two-headed ogre
 12890 | D:11     | Reached skill level 1 in Shields
 13069 | Lair:1   | Entered Level 1 of the Lair of Beasts
 13197 | Lair:1   | Received a gift from Okawaru
 13458 | Lair:1   | Reached skill level 12 in Staves
 14082 | Lair:2   | Reached XP level 13. HP: 115/115 MP: 15/20
 14112 | Lair:2   | Found a staircase to the Swamp.
 14309 | Lair:2   | Found a staircase to the Snake Pit.
 14526 | Lair:2   | Identified the +1 ring mail of Weirdness {rN+}
 15898 | Lair:4   | Identified the +8 plate armour "Gawumm" {*Corrode rF+ rC-
                  | Dex+6} (Okawaru gifted it to you on level 4 of the Lair of
                  | Beasts)
 15898 | Lair:4   | Received a gift from Okawaru
 16290 | Lair:4   | Noticed Kirke
 16304 | Lair:4   | Killed Kirke
 16348 | Lair:4   | Found a dark tunnel.
 16358 | Volcano  | Entered a volcano
 17242 | Lair:5   | Entered Level 5 of the Lair of Beasts
 17339 | Lair:5   | Reached skill level 5 in Dodging
 17341 | Lair:5   | Reached skill level 13 in Staves
 17754 | Lair:5   | Received a gift from Okawaru
 17754 | Lair:5   | Found the +7 lajatang of Order {silver, rMut}
 18046 | Lair:5   | Reached XP level 14. HP: 110/124 MP: 21/21
 18151 | Lair:5   | Found a runed translucent door.
 18151 | Lair:5   | Found a viscous altar of Jiyva.
 18152 | Lair:5   | Found a staircase to the Slime Pits.
 18152 | Lair:5   | Noticed an acid blob
 18698 | Lair:5   | Identified the +4 trident of Incongruity {flame, rC+ rN++
                  | Will- Dex-4}
 18857 | Lair:5   | Received a gift from Okawaru
 19339 | D:12     | Noticed Gastronok
 19371 | D:12     | Killed Gastronok
 19372 | D:12     | Reached skill level 5 in Shields
 19521 | D:12     | Noticed caveywoolpert's ghost (journeyman DsEE)
 19538 | D:12     | Found a staircase to the Orcish Mines.
 19762 | D:12     | Identified the ring "Musch" {rC+ rN+ Str+2 Dex+6}
 19771 | D:12     | Found a runed translucent gate.
 19771 | D:12     | Found a runed translucent gate.
 19771 | D:12     | Found a runed translucent gate.
 19851 | D:12     | Killed caveywoolpert's ghost
 19998 | Orc:1    | Entered Level 1 of the Orcish Mines
 19998 | Orc:1    | Noticed Snorg
 20144 | D:12     | Killed Snorg
 20145 | D:12     | Reached skill level 10 in Evocations
 20344 | Orc:1    | Noticed Urug
 20353 | Orc:1    | Killed Urug
 20354 | Orc:1    | Reached skill level 14 in Staves
 20504 | Orc:1    | Noticed an orc warlord
 20526 | Orc:1    | Killed an orc warlord
 20915 | Orc:2    | Entered Level 2 of the Orcish Mines
 20915 | Orc:2    | Found a staircase to the Elven Halls.
 21083 | Orc:2    | Noticed Nessos
 21094 | Orc:2    | Killed Nessos
 21529 | Orc:2    | Found Siroishra's Jewellery Emporium.
 21549 | Orc:2    | Found Sioluko's Jewellery Shoppe.
 21734 | Orc:2    | Found an ancient bone altar of Kikubaaqudgha.
 21743 | Orc:2    | Received a gift from Okawaru
 21879 | Orc:2    | Found Icivupas's Antique Armour Shoppe.
 21899 | Orc:2    | Found Uhaduxta's Distillery.
 21955 | Orc:2    | Bought a potion of haste for 120 gold pieces
 21955 | Orc:2    | Bought a potion of attraction for 36 gold pieces
 21955 | Orc:2    | Bought a potion of curing for 36 gold pieces
 21955 | Orc:2    | Bought a potion of brilliance for 48 gold pieces
 21955 | Orc:2    | Bought a potion of curing for 36 gold pieces
 21955 | Orc:2    | Bought a potion of might for 48 gold pieces
 21955 | Orc:2    | Bought a potion of curing for 36 gold pieces
 21955 | Orc:2    | Bought a potion of attraction for 36 gold pieces
 21974 | Orc:2    | Found a radiant altar of Vehumet.
 22239 | Orc:2    | Bought the amulet "Maatool" {RegenMP Drain rElec Int+3
                  | Stlth+} for 570 gold pieces
 22306 | Elf:1    | Entered Level 1 of the Elven Halls
 22364 | Elf:1    | Reached XP level 15. HP: 95/134 MP: 20/23
 22520 | Elf:1    | Found a portal to a secret trove of treasure.
 23041 | Elf:1    | Identified the +4 ring mail of a treasure trove {*Slow
                  | rPois rC+++ MP+9}
 23534 | Elf:2    | Received a gift from Okawaru
 23553 | Elf:2    | Identified the +11 war axe of Compulsion {heavy, rElec
                  | rPois Dex-3}
 23555 | Elf:2    | Found a runed translucent gate.
 23564 | Elf:2    | Found a runed translucent gate.
 23566 | Elf:2    | Found a runed translucent gate.
 23628 | Elf:2    | Noticed a deep elf master archer
 23649 | Arena    | Entered the Arena
 23656 | Arena    | Received a gift from Okawaru
 23679 | Elf:2    | Killed a deep elf master archer
 23924 | Elf:2    | Reached skill level 15 in Staves
 24609 | Elf:3    | Entered Level 3 of the Elven Halls
 24609 | Elf:3    | Found Jantof's Distillery.
 24764 | Elf:3    | Bought a potion of mutation for 168 gold pieces
 24764 | Elf:3    | Bought a potion of curing for 63 gold pieces
 24764 | Elf:3    | Bought a potion of curing for 63 gold pieces
 24764 | Elf:3    | Bought a potion of curing for 63 gold pieces
 25453 | Elf:3    | Identified the +3 hat of Experimentation {Rampage rF+
                  | Int+3} (Okawaru gifted it to you on level 3 of the Elven
                  | Halls)
 25453 | Elf:3    | Received a gift from Okawaru
 25747 | Elf:3    | Identified the +4 scimitar of the Exiled Orbs {drain, rElec
                  | rN+ MP+9 Int+3}
 25747 | Elf:3    | Identified the +9 plate armour of Vodafoir {Int+5}
 25955 | Elf:3    | Noticed a deep elf sorcerer
 25965 | Abyss:4  | Cast into level 4 of the Abyss (a deep elf sorcerer)
 25966 | Abyss:4  | Reached XP level 16. HP: 103/144 MP: 25/25
 26011 | Abyss:4  | Reached skill level 16 in Staves
 26032 | Abyss:4  | Got an abyssal rune of Zot
 26033 | Abyss:4  | Noticed an ancient lich
 26035 | Abyss:5  | Found a corrupted altar of Lugonu.
 26039 | Abyss:5  | Found a corrupted altar of Lugonu.
 26178 | Abyss:5  | Noticed a lich
 26190 | Abyss:5  | Noticed an acid blob
 26201 | Abyss:5  | Noticed a tentacled starspawn
 26209 | Abyss:5  | Killed a tentacled starspawn
 26274 | Abyss:5  | Noticed an acid blob
 26281 | Abyss:5  | Killed an acid blob
 26306 | Abyss:5  | Gained mutation: Armour fits poorly on your strangely
                  | shaped body. [a cacodemon]
 26307 | Arena    | Entered the Arena
 26329 | Abyss:5  | Found a corrupted altar of Lugonu.
 26346 | Elf:3    | Escaped the Abyss
 26346 | Elf:3    | Noticed a deep elf blademaster
 26686 | Elf:2    | HP: 3/145 [+2 hand axe of electrocution (10)]
 26687 | Elf:2    | Slain by a +6 mace of protection

Illustrated notes

Levels and vault maps discovered:
D:1:      ebering_trefoil_3fold, layout_rooms, minmay_distorted
D:2:      layout_basic, basic_altar, lemuel_flame_loot_1
D:3:      layout_basic, fedhas_altar_2, uniq_grinder, uniq_crazy_yiuf_cottage,
          uniq_natasha
D:4:      layout_basic, uniq_pikel
D:5:      layout_rooms, minmay_temple_entry_slanted,
          minmay_guarded_unrand_staff_of_olgreb
D:6:      layout_basic, lemuel_doored_altar, cheibrodos_sewer_entry_sluice,
          uniq_edmund
D:7:      layout_cave_pods, mainiacjoe_overflow_large_starburst,
          roderic_serpentine_path, minivault_10, uniq_joseph
D:8:      layout_loops_ring, minmay_lair_entry_grove, uniq_maurice, uniq_erica
D:9:      layout_basic, kennysheep_small_spiral, minmay_diced_spiral
D:10:     layout_roguey, serial_ice, serial_ice_g, serial_ice_d, serial_ice_h,
          serial_ice_b, uniq_nergalle
D:11:     kennysheep_windowed_halls, layout_basic, serial_shops, shop_fountains,
          grunt_decor_resistance, minmay_ruined_shrine
D:12:     layout_cross, gammafunk_ghost_split, uniq_gastronok
D:13:     layout_layer_cave, david_vaults_1, serial_shops, nicolae_square_shop
Temple:   hc_temple_tempest_star
Lair:1:   layout_cave_pods, st_stairs_12, chequers_serial_rivers_small_3
Lair:2:   layout_hall_layers, minmay_swamp_entry_worms,
          minmay_snake_entry_guardpost_small, grunt_forest_small_clearings
Lair:3:   layout_misc_corridors, serial_bayou_shore_b, lemuel_fruit_fields,
          grunt_megastairs_4, serial_bayou_shore_b, infiniplex_staircase_pool_2
Lair:4:   layout_concentric_octagons, nicolae_volcano_entry_hallway, uniq_kirke
Lair:5:   gammafunk_lair_ancient_temple, layout_regular_city, slime_entry_2,
          chequers_serial_rivers_small_3, bobbens_ice_dragon_lair
Orc:1:    layout_caves, nicolae_orc_stony_grotto, uniq_snorg, uniq_urug
Orc:2:    kennysheep_orc_mage_school, layout_caves, david_defended_altar_orc,
          uniq_nessos
Elf:1:    elf_arrival_001, layout_loops_cross, nicolae_trove_entry_path_of_doom,
          hangedman_corner_corridor
Elf:2:    elven_hall_of_blades_hangedman_original [mumra_blade_entry_bloodbath],
          layout_geoelf_octagon, st_stairs_8, nicolae_elf_archery_training
Elf:3:    minmay_elf_hall_not_hex, layout_loops_corners, serial_shops, shop

Skill      XL: |  1  2  3  4  5  6  7  8  9 10 11 12 13 14 15 16 |
---------------+-------------------------------------------------+-----
Axes           | 4 6 8 9 |  9.2
Armour         | 1 3 4 5 6 7 8 9 10 11 12 | 12.6
Fighting       | 4 5 6 7 8 9 10 11 12 13 | 13.6
Invocations    | 1 4 6 7 9 10 11 12 13 | 13.8
Staves         | 3 6 8 10 12 13 14 15 16 | 16.2
Evocations     | 2 4 6 8 9 10 11 | 11.7
Shields        | 1 4 6 7 |  7.9
Stealth        | 2 3 4 |  4.0
Dodging        | 5 6 |  6.0

Action                     |  1- 3 |  4- 6 |  7- 9 | 10-12 | 13-15 | 16-18 || total
---------------------------+-------+-------+-------+-------+-------+-------++-------
  Melee: Hand axe          |    36 |       |       |       |       |       ||    36
         Headbutt          |    11 |    14 |    46 |   102 |   218 |    24 ||   415
         Whip              |    58 |    89 |   181 |       |       |       ||   328
         Punch             |     1 |       |     4 |     4 |       |     1 ||    10
         Staff             |       |       |    99 |   532 |   822 |    59 ||  1512
         Unarmed           |       |       |     9 |       |       |       ||     9
         Lajatang          |       |       |       |       |    42 |    10 ||    52
 Invoke: Heroism           |       |       |     2 |       |     1 |       ||     3
         Finesse           |       |       |       |       |     1 |       ||     1
         Duel              |       |       |       |       |     1 |     1 ||     2
Ability: Evoke the Staff o |       |       |     1 |    58 |   108 |     3 ||   170
  Evoke: Wand              |       |       |       |       |     4 |     5 ||     9
         Condenser vane    |       |       |       |       |     1 |     1 ||     2
    Use: Potion            |       |     3 |     1 |       |    16 |    23 ||    43
         Scroll            |       |       |     6 |     7 |    17 |     7 ||    37
   Stab: Invisible         |       |       |       |       |     2 |       ||     2
 Armour: Robe              |     7 |       |       |       |       |       ||     7
         Ring mail         |    22 |       |       |       |       |       ||    22
         Scale mail        |     9 |    31 |       |       |       |       ||    40
         Plate armour      |       |    12 |   143 |   230 |   340 |    52 ||   777
         Chain mail        |       |     1 |       |       |       |       ||     1
  Dodge: Dodged            |    57 |    56 |   120 |   222 |   324 |    55 ||   834
  Block: Buckler           |       |       |       |    19 |   231 |     1 ||   251

Table legend: (Time is in decaauts)
 A = Elapsed time spent in this place.
 B = Non-inter-level travel time spent in this place.
 C = Inter-level travel time spent in this place.
 D = Time resting spent in this place.
 E = Time spent auto-exploring this place.
 F = Levels seen in this place.
 G = Mean time per level.
                   A        B        C        D        E       F      G
               +--------+--------+--------+--------+--------+-----+--------+
         Total |  26352 |  25385 |    967 |   2626 |  18304 |  31 |  850.1 |
       Dungeon |  13220 |  12704 |    516 |   1214 |   9278 |  13 | 1016.9 |
        Temple |     47 |     21 |     26 |      0 |     12 |   1 |   47.0 |
          Lair |   5720 |   5460 |    260 |     93 |   4558 |   5 | 1144.0 |
  Orcish Mines |   2005 |   1892 |    113 |     50 |   1572 |   2 | 1002.5 |
   Elven Halls |   3959 |   3909 |     50 |    909 |   2412 |   3 | 1319.7 |
         Abyss |    304 |    304 |      0 |     92 |     22 |   3 |  101.3 |
         Sewer |    665 |    665 |      0 |     90 |    434 |   1 |  665.0 |
       Volcano |    389 |    389 |      0 |    178 |     15 |   1 |  389.0 |
         Arena |     40 |     40 |      0 |      0 |      0 |   2 |   20.0 |
               +--------+--------+--------+--------+--------+-----+--------+

Top non-repeatable levels by time:
  Lair:5: 1939 daAuts
     D:3: 1679 daAuts
    D:11: 1608 daAuts
     D:5: 1414 daAuts
   Elf:3: 1395 daAuts
   Elf:1: 1388 daAuts
   Orc:2: 1356 daAuts
     D:6: 1334 daAuts
   Elf:2: 1176 daAuts
     D:7: 1115 daAuts
    D:10: 1110 daAuts
  Lair:4: 1047 daAuts
     D:9: 1044 daAuts
     D:8: 1034 daAuts
  Lair:1: 937 daAuts
